 Dungeon Sprint DCSS version 0.17.1-3-g152610e (webtiles) character file.

11048 Kokonut the Brawler (level 11, -6/122 (124) HPs)
             Began as a Troll Berserker on Feb 29, 2016.
             Was the Champion of Trog.
             Engulfed by a cloud of steam (11 damage)
             ... in the Dungeon (Sprint I: "Red Sonja").
             The game lasted 00:17:41 (3098 turns).

Kokonut the Brawler (Troll Berserker)               Turns: 3098, Time: 00:17:41

HP:   -6/122 (124)  AC:  5    Str: 27    XL:     11   Next: 44%
MP:   10/10         EV: 16    Int: -6 (3) God:    Trog [******]
Gold: 1806          SH:  0    Dex: 12    Spells: 0 memorised, 10 levels left

rFire  . . .     SeeInvis .       - Unarmed
rCold  + . .     Clarity  .     a - +0 animal skin
rNeg   . . .     SustAt   .     (no shield)
rPois  +         Gourm    +     (helmet restricted)
rElec  .         Spirit   .     (no cloak)
rCorr  .         Warding  .     (gloves unavailable)
rMut   .         NoTele   +     (boots unavailable)
MR     .....                    (no amulet)
Stlth  +.........               y - ring of protection from cold
                                w - ring of poison resistance

@: slowed, lost intelligence, very slow, not resistant to hostile enchantments,
very unstealthy
A: unfitting armour, claws 3, fast metabolism 3, gourmand, regeneration 2,
shaggy fur 1, tough skin 2
a: Berserk, Trog's Hand, Brothers in Arms, Burn Spellbooks, Renounce Religion


You were in the Dungeon.
You worshipped Trog.
Trog was exalted by your worship.
You were full.

You visited 1 branch You collected 2527 gold pieces.
You spent 721 gold pieces at shops.

Inventory:

Hand Weapons
 o - a +0 blowgun
 p - a +2 halberd of protection
 q - a +6 antimagic trident
 r - a +4 antimagic rapier
 s - a +2 dire flail of protection
Missiles
 k - 6 curare-tipped needles
Armour
 a - a +0 animal skin (worn)
 v - a cursed +0 robe
Jewellery
 t - the amulet "Januemu" {Stasis rF++ MP+9}
   (You found it in the Dungeon)

   [amulet of stasis]

   It prevents you from being teleported, slowed, hasted or paralysed.
   It greatly protects you from fire.
   It affects your magic capacity (+9).
 w - a ring of poison resistance (left claw)
 y - a ring of protection from cold (right claw)
Wands
 i - a wand of flame (37)
Scrolls
 h - 2 scrolls of blinking
 j - 2 scrolls of identify {unknown}
 m - a scroll of remove curse {unknown}
 u - a scroll of fog {unknown}
Potions
 b - a potion of agility {unknown}
 c - 3 potions of curing
 d - a potion of heal wounds
 e - a potion of haste
 f - 2 potions of magic
 g - a potion of berserk rage
 l - a potion of flight {unknown}
 n - a potion of brilliance {unknown}


   Skills:
 + Level 12.3 Fighting
 + Level 12.3 Dodging
 * Level 19.1 Unarmed Combat


You had 10 spell levels left.
You didn't know any spells.

Dungeon Overview and Level Annotations

Branches:
Dungeon (1/1)

Altars:
Cheibriados
Dithmenos
Elyvilon
Fedhas
Gozag
Kikubaaqudgha
Makhleb
Nemelex Xobeh
Okawaru
Qazlal
Ru
Sif Muna
Trog
Vehumet
Xom
Yredelemnul
Zin
The Shining One
Jiyva

Shops:
D [}%**:[**:?*[%=[(

Annotations:
D Norris


Innate Abilities, Weirdness & Mutations

You are too large for most types of armour.
You have claws for hands.
Your metabolism is lightning-fast.
You like to eat raw meat.
You heal very quickly.
You are covered in fur (AC +1).
You have very tough skin (AC +2).


Message History

You are engulfed in a cloud of scalding steam.
You are engulfed in a cloud of scalding steam.
You see here 27 gold pieces.
You now have 1806 gold pieces (gained 27).
You are engulfed in a cloud of scalding steam.
You are engulfed in a cloud of scalding steam.
You are engulfed in a cloud of scalding steam.
You are engulfed in a cloud of scalding steam.
* * * LOW HITPOINT WARNING * * *
You are engulfed in a cloud of scalding steam.
* * * LOW HITPOINT WARNING * * *
There is an open door here.
Really walk into that arrow trap?
You avoid triggering an arrow trap.
You are engulfed in a cloud of scalding steam.
* * * LOW HITPOINT WARNING * * *
There is an arrow trap here.
You close the door.
You are engulfed in a cloud of scalding steam.
You die...

#######################
§§§§§§§..§.'..#§§+..§§#
§####§§.§§##..§§@#.§§§##
§#.###§§.#######+#§§!$$#
.#'#.###+# #§§§§$#
##^..#@#§# ##$§§§#
§#§..###..###$# ###+##
§+§....##.#A#$# §#^....#
.###$# .###''## ##..$#
###..## +###


There were no monsters in sight!

Vanquished Creatures
  A lorocyproca (D)
  2 centaur warriors (D)
  Sonja (D)
  2 unseen horrors (D)
  A deep troll (D)
  A lindwurm (D)
  An oklob plant (D)
  A gargoyle (D)
  4 demonic crawlers (D)
  2 kobold demonologists (D)
  A slime creature (D)
  Sigmund (D)
  A yak (D)
  4 trapdoor spiders (D)
  13 hogs (D)
  A wasp (D)
  7 necrophages (D)
  An ogre (D)
  8 jellies (D)
  Ijyb (D)
  3 giant eyeballs (D)
  A ballistomycete (D)
58 creatures vanquished.

Vanquished Creatures (collateral kills)
  A hydra (D)
1 creature vanquished.

Vanquished Creatures (others)
  A gargoyle (D)
  2 giant spores (D)
3 creatures vanquished.

Grand Total: 62 creatures vanquished

Notes
Turn   | Place    | Note
--------------------------------------------------------------
     0 | D        | Kokonut the Troll Berserker began the quest for the Orb.
     0 | D        | Reached XP level 1. HP: 22/22 MP: 0/0
     1 | D        | Noticed Ijyb
    10 | D        | Killed Ijyb
    10 | D        | Reached skill level 5 in Unarmed Combat
    10 | D        | Reached XP level 2. HP: 29/31 MP: 1/1
    13 | D        | Noticed an ogre
    17 | D        | Killed an ogre
    17 | D        | Reached ** piety under Trog
    17 | D        | Reached skill level 7 in Unarmed Combat
    17 | D        | Reached XP level 3. HP: 25/40 MP: 2/2
    17 | D        | Reached XP level 4. HP: 30/49 MP: 3/3
    67 | D        | Noticed Sigmund
    77 | D        | Killed Sigmund
    77 | D        | Reached skill level 5 in Fighting
    77 | D        | Reached skill level 5 in Dodging
    77 | D        | Reached skill level 9 in Unarmed Combat
    77 | D        | Reached XP level 5. HP: 34/59 MP: 4/4
    77 | D        | Reached XP level 6. HP: 38/67 MP: 5/5
   135 | D        | Found a deep blue altar of Sif Muna.
   136 | D        | Noticed a jelly
   137 | D        | Found a radiant altar of Vehumet.
   144 | D        | Killed a jelly
   177 | D        | Found a snail-covered altar of Cheibriados.
   177 | D        | Found a viscous altar of Jiyva.
   177 | D        | Found a shadowy altar of Dithmenos.
   177 | D        | Found a blossoming altar of Fedhas.
   177 | D        | Noticed a slime creature
   187 | D        | Killed a slime creature
   187 | D        | Reached *** piety under Trog
   187 | D        | Reached skill level 10 in Unarmed Combat
   233 | D        | Found Elikiwno's Gadget Emporium.
   233 | D        | Found a white marble altar of Elyvilon.
   233 | D        | Found a stormy altar of Qazlal.
   233 | D        | Found a burning altar of Makhleb.
   233 | D        | Found a sacrificial altar of Ru.
   233 | D        | Found a basalt altar of Yredelemnul.
   233 | D        | Found a glowing golden altar of the Shining One.
   233 | D        | Found a sparkling altar of Nemelex Xobeh.
   233 | D        | Found a shimmering altar of Xom.
   233 | D        | Found an opulent altar of Gozag.
   233 | D        | Found an ancient bone altar of Kikubaaqudgha.
   233 | D        | Found a glowing silver altar of Zin.
   233 | D        | Noticed a yak
   239 | D        | Killed a yak
   239 | D        | Reached skill level 11 in Unarmed Combat
   239 | D        | Reached XP level 7. HP: 51/78 MP: 6/6
   240 | D        | Found an iron altar of Okawaru.
   241 | D        | Found a bloodstained altar of Trog.
   287 | D        | Noticed a centaur warrior
   287 | D        | Noticed a centaur warrior
   294 | D        | Killed a centaur warrior
   294 | D        | Reached skill level 13 in Unarmed Combat
   294 | D        | Reached XP level 8. HP: 88/88 MP: 7/7
   297 | D        | Killed a centaur warrior
   297 | D        | Reached skill level 14 in Unarmed Combat
   332 | D        | Noticed a deep troll
   338 | D        | Killed a deep troll
   338 | D        | Reached **** piety under Trog
   338 | D        | Reached XP level 9. HP: 23/100 MP: 8/8
   349 | D        | Found Moshap's Armour Emporium.
   368 | D        | Noticed a wasp
   374 | D        | Killed a wasp
   457 | D        | Noticed Sonja
   466 | D        | Killed Sonja
   466 | D        | Reached skill level 15 in Unarmed Combat
   479 | D        | Found Uqanog's Antique Armour Boutique.
   520 | D        | Noticed an oklob plant
   526 | D        | Killed an oklob plant
   526 | D        | Reached skill level 10 in Fighting
   526 | D        | Reached skill level 10 in Dodging
   529 | D        | Noticed a trapdoor spider
   530 | D        | Noticed a trapdoor spider
   531 | D        | Noticed a trapdoor spider
   534 | D        | Killed a trapdoor spider
   539 | D        | Killed a trapdoor spider
   544 | D        | Killed a trapdoor spider
   544 | D        | Reached ***** piety under Trog
   555 | D        | Noticed a trapdoor spider
   559 | D        | Killed a trapdoor spider
   559 | D        | Reached skill level 16 in Unarmed Combat
   559 | D        | Reached XP level 10. HP: 23/111 MP: 9/9
   566 | D        | HP: 4/111 [poisoned by a trapdoor spider]
   739 | D        | Noticed a kobold demonologist
   740 | D        | Noticed a kobold demonologist
   748 | D        | Killed a kobold demonologist
   750 | D        | Killed a kobold demonologist
   755 | D        | Noticed a demonic crawler
   755 | D        | Noticed a demonic crawler
   755 | D        | Noticed a demonic crawler
   755 | D        | Noticed a demonic crawler
   760 | D        | Killed a demonic crawler
   764 | D        | Killed a demonic crawler
   764 | D        | Received a gift from Trog
   769 | D        | Killed a demonic crawler
   773 | D        | Killed a demonic crawler
   832 | D        | Noticed a lindwurm
   835 | D        | Killed a gargoyle
   839 | D        | Killed a lindwurm
   839 | D        | Reached skill level 17 in Unarmed Combat
   953 | D        | Noticed a hog
   953 | D        | Noticed a hog
   953 | D        | Noticed a hog
   953 | D        | Noticed a hog
   953 | D        | Noticed a hog
   954 | D        | Noticed a hog
   956 | D        | Noticed a hog
   957 | D        | Noticed a hog
   957 | D        | Noticed a hog
   957 | D        | Killed a hog
   960 | D        | Killed a hog
   960 | D        | Reached ****** piety under Trog
   962 | D        | Noticed a hog
   962 | D        | Killed a hog
   964 | D        | Killed a hog
   968 | D        | Killed a hog
   970 | D        | Killed a hog
   972 | D        | Killed a hog
   977 | D        | Noticed a hog
   978 | D        | Noticed a hog
   980 | D        | Noticed a hog
   981 | D        | Killed a hog
   981 | D        | Received a gift from Trog
   990 | D        | Killed a hog
   991 | D        | Killed a hog
   992 | D        | Killed a hog
   994 | D        | Killed a hog
   999 | D        | Killed a hog
   999 | D        | Reached skill level 18 in Unarmed Combat
   999 | D        | Reached XP level 11. HP: 27/120 MP: 10/10
  1137 | D        | Noticed a 12-headed hydra
  1139 | D        | Killed a 12-headed hydra
  1163 | D        | Noticed a daeva
  1181 | D        | Noticed a gargoyle
  1190 | D        | Killed a gargoyle
  1234 | D        | Killed an unseen horror
  1243 | D        | Killed an unseen horror
  1279 | D        | Noticed a jelly
  1279 | D        | Noticed a jelly
  1279 | D        | Noticed a jelly
  1279 | D        | Noticed a jelly
  1279 | D        | Noticed a jelly
  1279 | D        | Noticed a jelly
  1279 | D        | Noticed a jelly
  1282 | D        | Killed a jelly
  1283 | D        | Killed a jelly
  1283 | D        | Received a gift from Trog
  1285 | D        | Killed a jelly
  1286 | D        | Killed a jelly
  1287 | D        | Killed a jelly
  1288 | D        | Killed a jelly
  1289 | D        | Killed a jelly
  1289 | D        | Received a gift from Trog
  1315 | D        | Noticed a necrophage
  1318 | D        | Noticed a necrophage
  1320 | D        | Killed a necrophage
  1322 | D        | Noticed a necrophage
  1322 | D        | Noticed a necrophage
  1322 | D        | Noticed a necrophage
  1327 | D        | Killed a necrophage
  1330 | D        | Killed a necrophage
  1334 | D        | Killed a necrophage
  1336 | D        | Noticed a necrophage
  1336 | D        | Noticed a necrophage
  1338 | D        | Killed a necrophage
  1343 | D        | Killed a necrophage
  1345 | D        | Killed a necrophage
  1353 | D        | Got a wavering steel amulet
  1362 | D        | Found Cyn Luxt's Assorted Antiques.
  1362 | D        | Found Semu Wuth's Food Shop.
  1362 | D        | Found Pinuimp's General Store.
  1364 | D        | Found Wefaikeg's Book Emporium.
  1364 | D        | Found Henac's Antique Armour Shop.
  1364 | D        | Found Koobuol's Assorted Antiques.
  1364 | D        | Found Tiaty's General Store.
  1364 | D        | Found Tededgh's Book Emporium.
  1364 | D        | Found Ykku's Magic Scroll Shop.
  1364 | D        | Found Beil's General Store.
  1368 | D        | Found Losuf's Antique Armour Boutique.
  1369 | D        | Found Tossoamn's Jewellery Emporium.
  1369 | D        | Found Poluh's Food Boutique.
  1370 | D        | Found Poclomot's Weapon Emporium.
  1376 | D        | Bought a runed robe for 16 gold pieces
  1380 | D        | Bought an uncursed ring of poison resistance for 260 gold pieces
  1380 | D        | Identified the amulet "Januemu" {Stasis rF++ MP+9} (You found it in the Dungeon)
  1475 | D        | Noticed Norris
  1488 | D        | Killed a lorocyproca
  1488 | D        | Reached skill level 19 in Unarmed Combat
  1697 | D        | Bought an uncursed ring of protection from cold for 325 gold pieces
  1817 | D        | Lost intelligence.
  2783 | D        | Bought a meat ration for 60 gold pieces
  2783 | D        | Bought a bread ration for 60 gold pieces
  3097 | D        | HP: 4/122 [something (12)]
  3098 | D        | Engulfed by a cloud of steam

Action                   |  1- 3 |  4- 6 |  7- 9 | 10-12 || total
-------------------------+-------+-------+-------+-------++-------
Melee: Unarmed           |    11 |    28 |    43 |   109 ||   191
Invok: Berserk           |     1 |     1 |     1 |     2 ||     5
       Brothers in Arms  |       |       |     1 |     1 ||     2
  Use: Potion            |       |       |       |     1 ||     1
  Eat: Chunk             |       |     3 |     4 |    10 ||    17
       Bread ration      |       |       |       |     4 ||     4
       Meat ration       |       |       |       |     1 ||     1
       Fruit             |       |       |       |     1 ||     1
